 Dungeon Crawl Stone Soup version 0.20.0-10-g0535bb4 (webtiles) character file.

1040 Naow the Cleaver (level 8, -12/64 HPs)
             Began as a Minotaur Berserker on June 2, 2017.
             Was a Priest of Trog.
             Mangled by an orc warrior
             ... wielding a +0 flail
              (13 damage)
             ... on level 5 of the Dungeon on June 6, 2017.
             The game lasted 00:07:14 (6392 turns).

Naow the Cleaver (Minotaur Berserker)               Turns: 6392, Time: 00:07:14

Health: -12/64     AC:  6    Str: 23    XL:     8   Next: 4%
Magic:  7/7        EV: 11    Int:  4    God:    Trog [***...]
Gold:   280        SH:  0    Dex: 11    Spells: 7/7 levels left

rFire    . . .     SeeInvis .   a - +0 hand axe
rCold    . . .     Gourm    .   (no shield)
rNeg     . . .     Faith    .   s - +0 ring mail
rPois    .         Spirit   .   (helmet restricted)
rElec    .         Reflect  .   r - +0 cloak
rCorr    .         Harm     .   (no gloves)
MR       .....                  (no boots)
Stlth    +.........             (no amulet)
Regen    0.2/turn               (no ring)
MPRegen  0.1/turn               (no ring)

@: lethally poisoned (-12 -> -22), berserk cooldown, slowed, very slow
A: retaliatory headbutt, horns 2
a: Berserk, Trog's Hand, Burn Spellbooks, Renounce Religion


You were on level 5 of the Dungeon.
You worshipped Trog.
Trog was most pleased with you.
You were very hungry.

You visited 1 branch of the dungeon, and saw 5 of its levels.
You also visited: Ossuary.

You collected 280 gold pieces.

Inventory:

Hand Weapons
 a - a +0 hand axe (weapon)
Armour
 b - a +0 animal skin
 r - a +0 cloak (worn)
 s - a +0 ring mail (worn)
Jewellery
 z - an uncursed ring of magical power {unknown}
 H - an uncursed amulet of rage {unknown}
Wands
 u - a wand of iceblast (5/15)
Scrolls
 e - 4 scrolls of remove curse {unknown}
 f - 2 scrolls of recharging {unknown}
 h - 2 scrolls of blinking {unknown}
 j - 4 scrolls of amnesia {unknown}
 k - 6 scrolls of identify {unknown}
 m - a scroll of random uselessness {unknown}
 n - a scroll of immolation {unknown}
 t - a scroll of enchant weapon {unknown}
 y - 3 scrolls of teleportation {unknown}
 C - a scroll of magic mapping {unknown}
 D - a scroll of fear {unknown}
 G - a scroll of enchant armour {unknown}
Potions
 g - 5 potions of curing {unknown}
 i - 3 potions of lignification {unknown}
 l - a potion of degeneration {unknown}
 q - 3 potions of mutation {unknown}
 v - a potion of resistance {unknown}
 w - 2 potions of brilliance {unknown}
 x - a potion of might {unknown}
 A - a potion of ambrosia {unknown}
 B - 2 potions of heal wounds {unknown}
 F - a potion of haste {unknown}
Comestibles
 c - 3 bread rations
 d - 5 fruits
 o - 5 meat rations
 p - 2 royal jellies


   Skills:
 - Level 3.6 Fighting
 + Level 11.5 Axes
 - Level 2.4 Armour
 - Level 2.1 Dodging


You had 7 spell levels left.
You didn't know any spells.

Dungeon Overview and Level Annotations

Branches:
Dungeon (5/15)             Temple (0/1) D:5

Altars:
Hepliaklqana


Innate Abilities, Weirdness & Mutations

You reflexively headbutt those who attack you in melee.
You have a pair of horns on your head.


Message History

The orc warrior is severely wounded.
You are no longer berserk.
You are exhausted.
You feel yourself slow down.
You hit the orc warrior.
You headbutt the orc warrior, but do no damage.
The orc warrior is almost dead.
You hit something but do no damage. The orc warrior hits you with a flail.
* * * LOW HITPOINT WARNING * * *
Something hits you but does no damage.
You are poisoned.
You hit the orc warrior but do no damage.
The orc warrior is almost dead.
You closely miss something.
* * * LOW HITPOINT WARNING * * *
You feel sick. Something hits you.
* * * LOW HITPOINT WARNING * * *
You are more poisoned.
The orc warrior hits you with a flail!
You die...

##### #.#
####.......# #
.#
#.###..#.......#
# .#
#..(#..#.8...8.#
# .#
###.#..#..o(o..#
# .#
#....##..o..## #
.# ###..##8ooo8#
# .# ##.###))o##
# ## #.####)## #
#...)@o# #
######## # #
#############
###
#≈≈≈≈≈≈≈≈≈≈≈#
#..
#≈≈≈≈≈≈≈≈≈≈≈#
#..
#≈≈≈≈≈≈≈≈≈≈≈#
#..
#≈≈≈#####≈≈≈#
#..


You could see an orc warrior, an orc priest and 4 orcs.

Vanquished Creatures
  2 orc warriors (D:5)
  An ogre (D:5)
  A phantom (D:5)
  2 elf zombies (Ossuary)
  A scorpion (D:5)
  A crimson imp (D:3)
  A human zombie (Ossuary)
  An orc priest (D:4)
  An orc wizard (D:5)
  2 worker ants
  2 big kobold zombies (Ossuary)
  3 hound zombies (Ossuary)
  5 mummies
  7 adders
  A shadow imp (D:5)
  An ooze (D:3)
  4 worms
  5 dart slugs
  4 leopard geckos
  10 orcs
  8 bats
  6 giant cockroaches
  9 goblins
  5 hobgoblins
  8 jackals
  5 kobolds
  A quokka (D:2)
  A ball python (D:2)
  4 frilled lizards
  3 hobgoblin zombies (Ossuary)
  A leopard gecko skeleton (D:4)
  An orc zombie (Ossuary)
  5 rats
112 creatures vanquished.

Notes
Turn   | Place    | Note
-------+----------+-------------------------------------------
     0 | D:1      | Naow the Minotaur Berserker began the quest for the Orb.
     0 | D:1      | Reached XP level 1. HP: 19/19 MP: 0/0
   122 | D:1      | Reached skill level 4 in Axes
   412 | D:1      | Reached XP level 2. HP: 26/26 MP: 1/1
  1034 | D:1      | Reached skill level 5 in Axes
  1160 | D:2      | Reached XP level 3. HP: 26/31 MP: 2/2
  1556 | D:2      | Reached ** piety under Trog
  1681 | D:2      | Reached XP level 4. HP: 28/39 MP: 3/3
  2067 | D:3      | Reached skill level 6 in Axes
  2591 | D:3      | Upgraded the game from 0.20.0-8-g6b59dc7 to 0.20.0-10-g0535bb4
  2898 | D:3      | Reached skill level 7 in Axes
  2898 | D:3      | Reached XP level 5. HP: 43/45 MP: 4/4
  3671 | D:4      | Found a sand-covered staircase.
  3759 | Ossuary  | Entered an ossuary
  3770 | Ossuary  | Reached *** piety under Trog
  3773 | Ossuary  | Reached skill level 8 in Axes
  3779 | Ossuary  | Reached XP level 6. HP: 34/51 MP: 5/5
  3783 | Ossuary  | Reached skill level 9 in Axes
  4944 | D:4      | Reached XP level 7. HP: 53/57 MP: 6/6
  5049 | D:4      | Found a hazy altar of Hepliaklqana.
  5349 | D:5      | Entered Level 5 of the Dungeon
  5528 | D:5      | Reached skill level 10 in Axes
  6143 | D:5      | Found a staircase to the Ecumenical Temple.
  6344 | D:5      | Found a runed door.
  6378 | D:5      | Reached skill level 11 in Axes
  6386 | D:5      | Reached XP level 8. HP: 11/64 MP: 7/7
  6392 | D:5      | HP: 1/64 [something (3)]
  6392 | D:5      | Mangled by an orc warrior

Skill      XL: |  1  2  3  4  5  6  7 |
---------------+----------------------+-----
Axes           | 4 5 7 8 9 11 | 11.5
Fighting       | |  3.6
Armour         | |  2.4
Dodging        | |  2.1

Action                   |  1- 3 |  4- 6 |  7- 9 || total
-------------------------+-------+-------+-------++-------
Melee: Hand axe          |    56 |   144 |    53 ||   253
       Headbutt          |    12 |    27 |    16 ||    55
Invok: Berserk           |     2 |     1 |     2 ||     5
 Stab: Sleeping          |     1 |       |       ||     1
  Eat: Chunk             |     3 |     7 |     5 ||    15
       Meat ration       |       |     1 |       ||     1
Armor: Animal skin       |    17 |     9 |       ||    26
       Ring mail         |       |    17 |    13 ||    30
Dodge: Dodged            |    35 |    58 |    20 ||   113
